AoeStats
← Pepim14

Arena

506499529Analyzed
4v4 RM · 18d ago on Sep 13, 2026· 21m 10s· 8 players
Game mode
Random Map
Map size
Large (8 player)
Population
200
Speed
Normal
Resources
Standard
Victory
Conquest
Starting age
Dark Age
Ending age
Imperial Age
RankedLock teamsTeams togetherTeam positionsShared explorationLock speedFull tech treeHidden civsTurbo modeCheats
Victory
Defeat
🇲🇽 Italians · Mexico
1174
+14
🇲🇽 Hindustanis · Mexico
1160
+15
🇲🇽 Huns · Mexico
997
+21
🇲🇽 Malians · Mexico
977
+23
🇨🇿 Bohemians · Czechia
1148
-19
🇹🇷 Britons · Türkiye
1137
-19
🇦🇷 Japanese · Argentina
1121
-18
🇲🇽 Romans · Mexico
1090
-17
SlappyGJ
0:48 Loom
11:36 Feudal Age
16:37 Castle Age
15:12 Double-Bit Axe
16:32 Stone Mining
Pepim14
11:37 Feudal Age
9:53 Loom
15:56 Castle Age
14:16 Stone Mining
14:24 Double-Bit Axe
15:20 Horse Collar
18:09 Bow Saw
19:17 Heavy Plow
19:15 Gold Mining
19:52 Town Watch
Wandraak
10:27 Feudal Age
14:13 Castle Age
13:00 Double-Bit Axe
13:03 Horse Collar
16:32 Bow Saw
18:25 Fervor
hirax34
10:25 Feudal Age
11:14 Loom
14:22 Castle Age
12:32 Double-Bit Axe
19:25 Bow Saw
19:52 Horse Collar
XGTIROMlllX
12:28 Feudal Age
17:07 Castle Age
15:35 Double-Bit Axe
15:31 Horse Collar
15:59 Scale Mail Armor
16:05 Scale Barding Armor
16:50 Gold Mining
MaN0s MaGiCaS
0:27 Loom
11:13 Feudal Age
12:12 Double-Bit Axe
16:45 Castle Age
15:01 Stone Mining
15:03 Gold Mining
15:53 Forging
15:56 Horse Collar
17:36 Wheelbarrow
17:38 Heavy Plow
17:09 Man-at-Arms
21:01 Long Swordsman
rrfrancky
0:33 Loom
10:30 Feudal Age
14:41 Castle Age
13:05 Double-Bit Axe
13:23 Horse Collar
15:44 Wheelbarrow
17:05 Bow Saw
20:44 Heavy Plow
VX | El Xavi
11:09 Feudal Age
14:59 Castle Age
13:00 Double-Bit Axe
13:22 Loom
13:33 Gold Mining
14:41 Fletching
15:32 Padded Archer Armor
16:04 Crossbowman
18:26 Bow Saw
19:41 Ballistics
Connection lost

Rejoining the realm…

Still unreachable

The connection could not be restored.

Session expired

The server has moved on; the page needs a fresh start.